 Dungeon Crawl Stone Soup version 0.24.0-123-gd5b16e6ec5 (webtiles) character file.

Game seed: 9172831105730867072, levelgen mode: deterministic

141 Descartes the Gusty (level 5, 0/28 HPs)
             Began as a Deep Elf Air Elementalist on Jan 26, 2020.
             Slain by Chiseanne's ghost (3 damage)
             ... on level 3 of the Dungeon on Jan 27, 2020.
             The game lasted 00:10:05 (3537 turns).

Descartes the Gusty (Deep Elf Air Elementalist)     Turns: 3537, Time: 00:10:05

Health: 0/28       AC:  5    Str:  5    XL:     5   Next: 3%
Magic:  12/12      EV: 12    Int: 21    God:
Gold:   78         SH:  4    Dex: 15    Spells: 4/11 levels left

rFire    + + .     SeeInvis .   j - +0 dagger (drain)
rCold    + . .     Gourm    .   i - +0 buckler
rNeg     . . .     Faith    .   g - +2 leather armour {rF+}
rPois    +         Spirit   .   (no helmet)
rElec    .         Reflect  .   d - scarf {rC+ rF+}
rCorr    .         Harm     .   (no gloves)
MR       .....                  (no boots)
Stlth    ++........             x - amulet of magic regeneration
HPRegen  0.09/turn              t - ring of poison resistance
MPRegen  0.38/turn              (no ring)

@: sluggish, very slow
A: no striking features
a: no special abilities


You were on level 3 of the Dungeon.
You were not hungry.

You visited 1 branch of the dungeon, and saw 3 of its levels.

You collected 78 gold pieces.

Inventory:

Hand Weapons
 j - a +0 dagger of draining (weapon)
 m - a +0 hunting sling
Missiles
 f - 17 arrows
 l - 17 bolts
 n - 54 stones (quivered)
 p - 3 javelins
 u - 14 poisoned darts
 A - 21 sling bullets
Armour
 a - a +0 robe
 d - a scarf of resistance (worn)
 g - a +2 leather armour of fire resistance (worn)
 i - a +0 buckler (worn)
Jewellery
 t - a ring of poison resistance (left hand)
 x - an amulet of magic regeneration (around neck)
Wands
 y - a wand of iceblast (7)
Scrolls
 b - 5 scrolls of identify {unknown}
 h - 2 scrolls of blinking
 q - a scroll of teleportation {unknown}
 r - a scroll of fog {unknown}
 B - a scroll of remove curse {unknown}
Potions
 e - a potion of cancellation {unknown}
 o - 2 potions of flight {unknown}
 s - a potion of resistance {unknown}
 v - a potion of agility {unknown}
 w - 4 potions of curing {unknown}
Comestibles
 c - 3 rations
 z - 4 chunks of flesh


   Skills:
 * Level 1.4 Armour
 - Level 3.0 Dodging
 + Level 3.3 Stealth
 * Level 0.6 Shields
 + Level 3.7 Spellcasting
 - Level 2.4 Conjurations
 - Level 3.7 Air Magic


You had 4 spell levels left.
You knew the following spells:

 Your Spells              Type           Power        Failure   Level  Hunger
a - Shock                 Conj/Air       ###.         9%          1    None
b - Swiftness             Chrm/Air       ##......     22%         2    ##.....
c - Airstrike             Air            ###.......   56%         4    ####...

Your spell library contained the following spells:

 Spells                   Type           Power        Failure   Level  Hunger
 Static Discharge         Conj/Air       ###.....     26%         3    ###....
 Lightning Bolt           Conj/Air       ###.......   94%         5    ######.


Dungeon Overview and Level Annotations

Branches:
Dungeon (3/15)

Altars:
Fedhas
Uskayaw

Annotations:
D:3 Chiseanne's ghost, amateur DsWz


Message History

You hit Chiseanne's ghost.
Chiseanne's ghost is heavily damaged.
Chiseanne's ghost points at you and mumbles some strange words.
The ball explodes into a vile cloud!
The stinking cloud engulfs you but does no damage.
The stinking cloud engulfs Chiseanne's ghost but does no damage.
Chiseanne's ghost hits you.
You closely miss Chiseanne's ghost.
Chiseanne's ghost is heavily damaged.
Chiseanne's ghost barely misses you.
You hit Chiseanne's ghost but do no damage.
Chiseanne's ghost is heavily damaged.
You feel sluggish.
Chiseanne's ghost points at you and mumbles some strange words.
The magic dart hits you!
* * * LOW HITPOINT WARNING * * *
You hit Chiseanne's ghost but do no damage.
Chiseanne's ghost is heavily damaged.
Chiseanne's ghost hits you.
You die...

#.#####.#....โ‰ˆ##..
#.# ##โ‰ˆ.%..#.#..
##.#####
##.#โ‰ˆ###.#
#......# ######..
##.##### ...... #.#
###.. #.# ##. #W#
########### ## #@#
#.........#### #.#
#..)......##.. #.#
#.........##.# #.#
#............# #.#
#........รท#### #.#
#............>
#.###.........####
#.##..........#
#......=..>...#


You could see Chiseanne's ghost.

Vanquished Creatures
  An orc wizard (D:2)
  3 adders
  2 oozes
  A dart slug (D:3)
  2 leopard geckos (D:1)
  6 orcs (D:2)
  2 ball pythons
  3 bats
  6 giant cockroaches
  10 goblins
  3 hobgoblins
  9 jackals
  4 frilled lizards
  4 kobolds
  9 rats
65 creatures vanquished.

Notes
Turn   | Place    | Note
-------+----------+-------------------------------------------
     0 | D:1      | Descartes the Deep Elf Air Elementalist began the quest for
                  | the Orb.
     0 | D:1      | Reached XP level 1. HP: 10/10 MP: 6/6
   436 | D:1      | Reached XP level 2. HP: 15/15 MP: 4/8
   975 | D:1      | Reached XP level 3. HP: 19/19 MP: 9/9
  1800 | D:2      | Reached skill level 1 in Armour
  1800 | D:2      | Reached XP level 4. HP: 24/24 MP: 1/11
  3215 | D:2      | Learned a level 2 spell: Swiftness
  3220 | D:2      | Learned a level 4 spell: Airstrike
  3294 | D:3      | Found a hide-covered altar of Uskayaw.
  3384 | D:3      | Found a blossoming altar of Fedhas.
  3436 | D:3      | Reached XP level 5. HP: 28/28 MP: 5/12
  3469 | D:3      | Found a large runed translucent door.
  3469 | D:3      | Found a large runed translucent door.
  3478 | D:3      | Noticed Chiseanne's ghost (amateur DsWz)
  3506 | D:3      | HP: 1/28 [Chiseanne's ghost/magic dart (3)]
  3537 | D:3      | Slain by Chiseanne's ghost

Levels and vault maps discovered:
D:1:      dpeg_arrival_brainrot, layout_loops_corners,
          chequers_serial_rivers_small_3, minmay_octomino_e4
D:2:      layout_loops_ring, serial_forest, infiniplex_forest_end_1,
          infiniplex_forest_clump_small, infiniplex_forest_clump_small,
          infiniplex_forest_clump_small, infiniplex_forest_lined_room_2,
          infiniplex_forest_clump_diagonal, infiniplex_forest_pool,
          infiniplex_forest_lined_4_way, infiniplex_forest_zigzag_1,
          infiniplex_forest_split
D:3:      layout_rooms, led_sif_book, nicolae_overflow_crystal_walls,
          ebering_ghost_disaster_area, minmay_misc_feat_alley, fedhas_altar_1

Skill      XL: |  1  2  3  4 |
---------------+-------------+-----
Conjurations   | 2 |  2.4
Armour         | 1 |  1.4
Stealth        | 3 |  3.3
Dodging        | 3 |  3.0
Shields        | |  0.6
Spellcasting   | |  3.7
Air Magic      | |  3.7

Action                   |  1- 3 |  4- 6 || total
-------------------------+-------+-------++-------
Melee: Dagger            |     1 |    22 ||    23
 Cast: Shock             |    71 |    73 ||   144
       Swiftness         |       |     1 ||     1
  Use: Scroll            |     1 |       ||     1
       Potion            |       |     2 ||     2
 Stab: Sleeping          |     1 |       ||     1
  Eat: Chunk             |     2 |     3 ||     5
       Ration            |       |     1 ||     1
Armor: Leather armour    |     3 |     7 ||    10
Dodge: Dodged            |     4 |     5 ||     9
Block: Buckler           |       |     4 ||     4
